Map: Ulrena

Players

Dave

  • Race: Terran Terran
  • League: Bronze

Miltreta - Winner!

  • Race: Terran Terran
  • League: Bronze

VOD

Have the link to the VOD?

Description

Time

  • Played on: March 16, 2016, 10:40 a.m.
  • Length: 7:40
Show
View Real Time Build Order
Export as new Build Order

Dave Terran 

Build Orders:  

Get SALT Encoding   

  12  0:02  SCV  
  13  0:14  SCV  
  14  0:20  Supply Depot  
  14  0:26  SCV  
  15  0:30  Refinery  
  15  0:42  SCV  
  16  0:46  Barracks  
  16  0:54  SCV  
  17  1:06  SCV  
  18  1:18  SCV  
  18  1:24  Barracks  
  19  1:33  Marine  
  19  1:34  Orbital Command  
  20  1:58  Marine  
  20  2:06  SCV  
  21  2:13  Barracks Reactor  
  21  2:15  Factory  
  21  2:17  Barracks Tech Lab  
  21  2:18  SCV  
  22  2:24  Supply Depot  
  22  2:27  Refinery  
  22  2:41  Command Center  
  22  2:51  Marine x2  
  22  2:52  Marine  
  22  2:56  Stimpack  
  25  3:10  Marine x3  
  25  3:12  SCV  
  29  3:22  Supply Depot  
  29  3:24  SCV  
  30  3:27  Starport  
  30  3:36  SCV  
  31  3:53  SCV  
  31  3:54  Orbital Command  
  32  4:05  SCV  
  33  4:13  Supply Depot  
  33  4:16  Engineering Bay  
  33  4:18  Marine  
  33  4:20  Engineering Bay  
  34  4:28  Marine  
  39  4:31  Medivac  
  35  4:36  SCV  
  38  4:47  Missile Turret  
  38  4:48  SCV  
  38  4:49  Marine  
  38  4:50  Missile Turret, Marine x2  
  42  4:54  SCV  
  43  5:02  Missile Turret  
  43  5:04  Starport Reactor  
  43  5:16  Marine x2  
  43  5:17  Marine  
  46  5:30  SCV  
  47  5:38  Marine x3  
  47  5:40  Barracks  
  47  5:41  Barracks  
  51  5:42  SCV  
  51  5:54  Medivac x2  
  34  6:46  Marine x3  
  37  6:52  Marine x2  
  39  6:59  Missile Turret  
  39  7:04  Marine x2  
  39  7:20  Marine x3  
  39  7:22  Marine  
Show
View Real Time Build Order
Export as new Build Order

Miltreta Terran - Winner!

Build Orders:  

Get SALT Encoding   

  12  0:00  SCV  
  13  0:12  SCV  
  14  0:18  Supply Depot  
  14  0:25  SCV  
  15  0:39  Refinery  
  16  0:47  Barracks  
  15  0:56  SCV  
  16  0:57  Supply Depot  
  16  1:10  SCV  
  17  1:27  SCV  
  18  1:44  Marine  
  19  1:54  SCV  
  19  2:04  Marine  
  20  2:10  Factory  
  20  2:20  Refinery  
  20  2:21  Orbital Command  
  20  2:32  Barracks Tech Lab  
  20  2:51  Stimpack  
  20  2:52  Marine  
  20  2:56  Factory Tech Lab  
  21  3:00  SCV  
  22  3:06  Command Center  
  22  3:11  Engineering Bay  
  22  3:19  Hellion  
  24  3:26  Supply Depot  
  24  3:35  Starport  
  26  3:41  Hellion  
  26  3:42  Marine  
  27  3:53  SCV  
  28  4:07  SCV  
  29  4:13  Medivac  
  29  4:16  Siege Tank  
  30  4:42  Marine  
  31  4:52  Siege Tank  
  34  4:54  Starport Reactor  
  34  4:56  SCV  
  34  4:57  SCV  
  36  5:03  Supply Depot  
  36  5:05  Missile Turret  
  36  5:16  Barracks  
  36  5:19  Barracks, Marine  
  37  5:24  Siege Tank  
  40  5:31  Medivac  
  40  5:32  Medivac  
  44  5:49  SCV x2  
  46  5:52  Marine  
  46  5:56  Siege Tank  
  50  6:11  Barracks Reactor x2  
  43  6:41  Marine  
  44  6:49  Viking x2  
  48  6:54  Marine x3  
  48  6:55  Marine  
  48  6:59  Marine  
  53  7:01  Supply Depot  
  53  7:17  Marauder  
Tags
 
Add a new tag
Caveats
  • Supply blocks, unpowered buildings, or Contaminate may cause inaccurate times.
  • Supply counts are checked every 10 seconds.